NCAA
TEXAS A&M AGGIES @ TEXAS TECH RED RAIDERS
04/02/2023
 
TOP OF THE 1ST
Texas A&M Aggies batting - Pitching for Texas Tech Red Raiders : LHP John Knight
Pitching: LHP John Knight
Batting: LHB Dave Bryant 0-0: Ball
1-0: Fly out, F8 (Flyball, 8RM)
Batting: RHB Chris Burrell 0-0: Called Strike
0-1: Ball
1-1: Foul Ball, location: 2F
1-2: SINGLE (Groundball, 56)
Batting: LHB Jeff Douglas 0-0: Called Strike
0-1: Fly out, F7 (Line Drive, 7M)
Batting: RHB Chance May 0-0: Swinging Strike
0-1: Swinging Strike
0-2: Strikes out swinging
Top of the 1st over - 0 run(s), 1 hit(s), 0 error(s), 1 left on base; Texas A&M 0 - Texas Tech 0
BOTTOM OF THE 1ST
Texas Tech Red Raiders batting - Pitching for Texas A&M Aggies : LHP Terry Morris
Pitching: LHP Terry Morris
Batting: LHB Cristóbal Gómez 0-0: Called Strike
0-1: Ground out 4-3 (Groundball, 4)
Batting: RHB Steven Hill 0-0: Ball
1-0: Foul Ball, location: 2F
1-1: Foul Ball, location: 2F
1-2: Ball
2-2: Foul Ball, location: 2F
2-2: Ball
3-2: Foul Ball, location: 2F
3-2: Ground out 4-3 (Groundball, 4)
Batting: RHB Luis Martínez 0-0: Called Strike
0-1: Ball
1-1: Ball
2-1: Ball
3-1: Foul Ball, location: 2F
3-2: Foul Ball, location: 2F
3-2: Strikes out swinging
Bottom of the 1st over - 0 run(s), 0 hit(s), 0 error(s), 0 left on base; Texas A&M 0 - Texas Tech 0
TOP OF THE 2ND
Texas A&M Aggies batting - Pitching for Texas Tech Red Raiders : LHP John Knight
Batting: RHB Ryan Hilton 0-0: Ball
1-0: Called Strike
1-1: Ball
2-1: Foul Ball, location: 2F
2-2: Foul Ball, location: 2F
2-2: Foul Ball, location: 2F
2-2: Fly out, F2 (Popup, 2RF)
Batting: RHB Julian Lee 0-0: Foul Ball, location: 2F
0-1: Fly out, F7 (Flyball, 7LS)
Batting: SHB Clint Woods 0-0: Ball
1-0: Called Strike
1-1: Ground out 4-3 (Groundball, 4M)
Top of the 2nd over - 0 run(s), 0 hit(s), 0 error(s), 0 left on base; Texas A&M 0 - Texas Tech 0
BOTTOM OF THE 2ND
Texas Tech Red Raiders batting - Pitching for Texas A&M Aggies : LHP Terry Morris
Batting: RHB Walton Smith 0-0: Swinging Strike
0-1: Swinging Strike
0-2: Foul Ball, location: 2F
0-2: Ball
1-2: Ball
2-2: Ball
3-2: Fly out, F7 (Line Drive, 7M)
Batting: LHB Albert Cardona 0-0: Ball
1-0: Called Strike
1-1: Foul Ball, location: 2F
1-2: Foul Ball, location: 2F
1-2: Ball
2-2: SINGLE (Line Drive, 89S)
Batting: RHB Doug Williams 0-0: Swinging Strike
0-1: Ball
1-1: Called Strike
1-2: Fly out, F8 (Flyball, 8LS)
Batting: RHB Oliver Todd 0-0: Called Strike
0-1: Called Strike
0-2: Ball
1-2: Ball
2-2: Strikes out looking
Bottom of the 2nd over - 0 run(s), 1 hit(s), 0 error(s), 1 left on base; Texas A&M 0 - Texas Tech 0
TOP OF THE 3RD
Texas A&M Aggies batting - Pitching for Texas Tech Red Raiders : LHP John Knight
Batting: SHB Bill Butler 0-0: Foul Ball, location: 2F
0-1: Fly out, F9 (Flyball, 89XD)
Batting: RHB Allen Hobbs 0-0: Ball
1-0: Ball
2-0: Ball
3-0: Called Strike
3-1: Foul Ball, location: 2F
3-2: Strikes out swinging
Batting: LHB Dave Bryant 0-0: Ball
1-0: Foul Ball, location: 2F
1-1: Foul Ball, location: 2F
1-2: Strikes out swinging
Top of the 3rd over - 0 run(s), 0 hit(s), 0 error(s), 0 left on base; Texas A&M 0 - Texas Tech 0
BOTTOM OF THE 3RD
Texas Tech Red Raiders batting - Pitching for Texas A&M Aggies : LHP Terry Morris
Batting: LHB Micheal Morgan 0-0: Foul Ball, location: 2F
0-1: Foul Ball, location: 2F
0-2: Ball
1-2: Ball
2-2: SOLO HOME RUN (Flyball, 9D), Distance : 348 ft
Batting: RHB Bruce Jones 0-0: Called Strike
0-1: Foul Ball, location: 2F
0-2: Strikes out swinging
Batting: LHB Cristóbal Gómez 0-0: Called Strike
0-1: Foul Ball, location: 2F
0-2: Ball
1-2: Ball
2-2: Strikes out looking
Batting: RHB Steven Hill 0-0: Ball
1-0: Called Strike
1-1: Called Strike
1-2: Ball
2-2: Ball
3-2: Fly out, F9 (Line Drive, 9LS)
Bottom of the 3rd over - 1 run(s), 1 hit(s), 0 error(s), 0 left on base; Texas A&M 0 - Texas Tech 1
TOP OF THE 4TH
Texas A&M Aggies batting - Pitching for Texas Tech Red Raiders : LHP John Knight
Batting: RHB Chris Burrell 0-0: Ball
1-0: Called Strike
1-1: Ball
2-1: Called Strike
2-2: Strikes out swinging
Batting: LHB Jeff Douglas 0-0: Called Strike
0-1: Swinging Strike
0-2: Foul Ball, location: 2F
0-2: Strikes out swinging
Batting: RHB Chance May 0-0: Fly out, F9 (Flyball, 89S)
Top of the 4th over - 0 run(s), 0 hit(s), 0 error(s), 0 left on base; Texas A&M 0 - Texas Tech 1
BOTTOM OF THE 4TH
Texas Tech Red Raiders batting - Pitching for Texas A&M Aggies : LHP Terry Morris
Batting: RHB Luis Martínez 0-0: Ball
1-0: Called Strike
1-1: Ball
2-1: Swinging Strike
2-2: Strikes out swinging
Batting: RHB Walton Smith 0-0: Fly out, F4 (Line Drive, 4M)
Batting: LHB Albert Cardona 0-0: Ball
1-0: Foul Ball, location: 2F
1-1: SINGLE (Line Drive, 34D)
Batting: RHB Doug Williams 0-0: Called Strike
Albert Cardona steals 2nd base
0-1: Ball
1-1: Ball
2-1: Foul Ball, location: 2F
2-2: Ball
3-2: Strikes out looking
Bottom of the 4th over - 0 run(s), 1 hit(s), 0 error(s), 1 left on base; Texas A&M 0 - Texas Tech 1
TOP OF THE 5TH
Texas A&M Aggies batting - Pitching for Texas Tech Red Raiders : LHP John Knight
Batting: RHB Ryan Hilton 0-0: Ground out 1-3 (Groundball, 15)
Batting: RHB Julian Lee 0-0: Called Strike
0-1: TRIPLE (Flyball, 8RM)
Batting: SHB Clint Woods 0-0: Ball
1-0: SINGLE (Line Drive, 9LS)
Julian Lee scores
Batting: SHB Bill Butler 0-0: Ball
Wild Pitch!
Clint Woods to second
1-0: Ball
2-0: Swinging Strike
2-1: Called Strike
2-2: Strikes out looking
Batting: RHB Allen Hobbs 0-0: Called Strike
0-1: Hit by Pitch
Batting: LHB Dave Bryant 0-0: SINGLE (Groundball, 5D)
Clint Woods to third
Allen Hobbs to second
Runner from 3rd tries for Home, SAFE, no throw or cutoff
Batting: RHB Chris Burrell 0-0: Ball
1-0: Ground out U3 (Groundball, 3L)
Top of the 5th over - 2 run(s), 3 hit(s), 0 error(s), 2 left on base; Texas A&M 2 - Texas Tech 1
BOTTOM OF THE 5TH
Texas Tech Red Raiders batting - Pitching for Texas A&M Aggies : LHP Terry Morris
Batting: RHB Oliver Todd 0-0: Swinging Strike
0-1: Ball
1-1: Ball
2-1: Swinging Strike
2-2: Foul Ball, location: 2F
2-2: Foul Ball, location: 2F
2-2: Foul Ball, location: 2F
2-2: Foul Ball, location: 2F
2-2: Foul Ball, location: 2F
2-2: Ball
3-2: Base on Balls
Pitching: RHP Ernesto González
Batting: LHB Micheal Morgan 0-0: Ball
1-0: Grounds into double play, 6-4-3 (Groundball, 6)
Batting: RHB Bruce Jones 0-0: SINGLE (Line Drive, 56D)
Batting: LHB Cristóbal Gómez 0-0: Ball
1-0: Ball
2-0: Called Strike
2-1: Foul Ball, location: 2F
2-2: Strikes out swinging
Bottom of the 5th over - 0 run(s), 1 hit(s), 0 error(s), 1 left on base; Texas A&M 2 - Texas Tech 1
TOP OF THE 6TH
Texas A&M Aggies batting - Pitching for Texas Tech Red Raiders : LHP John Knight
Batting: LHB Jeff Douglas 0-0: Ball
1-0: Called Strike
1-1: Foul Ball, location: 2F
1-2: Foul Ball, location: 2F
1-2: Ball
2-2: SOLO HOME RUN (Flyball, 89XD), Distance : 382 ft
Batting: RHB Chance May 0-0: Foul Ball, location: 2F
0-1: Foul Ball, location: 2F
0-2: SINGLE (Groundball, 4M)
Batting: RHB Ryan Hilton 0-0: Foul Ball, location: 2F
0-1: Called Strike
0-2: Ball
Chance May steals 2nd base
1-2: Ball
2-2: SINGLE (Flyball, 6MD)
Chance May to third
Batting: RHB Julian Lee 0-0: Ball
1-0: Ball
2-0: Ground out 4-3 (Groundball, 4)
Ryan Hilton to second
Batting: SHB Clint Woods 0-0: Called Strike
0-1: Called Strike
0-2: Foul Ball, location: 2F
0-2: SINGLE (Groundball, 56D)
Chance May scores
Ryan Hilton to third
Pitching: RHP Alan Bailey
Batting: SHB Bill Butler 0-0: Called Strike
0-1: Swinging Strike
0-2: Ball
1-2: Strikes out swinging
Batting: RHB Allen Hobbs 0-0: Ball
1-0: Fly out, F4 (Popup, 4)
Top of the 6th over - 2 run(s), 4 hit(s), 0 error(s), 2 left on base; Texas A&M 4 - Texas Tech 1
BOTTOM OF THE 6TH
Texas Tech Red Raiders batting - Pitching for Texas A&M Aggies : RHP Ernesto González
Batting: RHB Steven Hill 0-0: Foul Ball, location: 2F
0-1: Foul Ball, location: 2F
0-2: Ball
1-2: Foul Ball, location: 2F
1-2: Strikes out swinging
Batting: RHB Luis Martínez 0-0: Ball
1-0: Called Strike
1-1: Ball
2-1: Called Strike
2-2: Ball
3-2: Fly out, F7 (Flyball, 7M)
Batting: RHB Walton Smith 0-0: Ball
1-0: Ball
2-0: Foul Ball, location: 2F
2-1: Fly out, F9 (Flyball, 9LM)
Bottom of the 6th over - 0 run(s), 0 hit(s), 0 error(s), 0 left on base; Texas A&M 4 - Texas Tech 1
TOP OF THE 7TH
Texas A&M Aggies batting - Pitching for Texas Tech Red Raiders : RHP Alan Bailey
Batting: LHB Dave Bryant 0-0: Called Strike
0-1: Ball
1-1: Ball
2-1: Foul Ball, location: 2F
2-2: Strikes out swinging
Batting: RHB Chris Burrell 0-0: Ball
1-0: Ball
2-0: Called Strike
2-1: Ball
3-1: Base on Balls
Batting: LHB Jeff Douglas 0-0: Called Strike
0-1: Swinging Strike
0-2: SINGLE (Groundball, 4MD)
Chris Burrell to second
Batting: RHB Chance May 0-0: Ball
1-0: Ball
2-0: Hit by Pitch
Chris Burrell to third
Jeff Douglas to second
Batting: RHB Ryan Hilton 0-0: Ball
1-0: Called Strike
1-1: Swinging Strike
1-2: Foul Ball, location: 2F
1-2: Foul Ball, location: 2F
1-2: Strikes out swinging
Batting: RHB Julian Lee 0-0: Called Strike
0-1: Ball
1-1: Fly out, F7 (Flyball, 78M)
Top of the 7th over - 0 run(s), 1 hit(s), 0 error(s), 3 left on base; Texas A&M 4 - Texas Tech 1
BOTTOM OF THE 7TH
Texas Tech Red Raiders batting - Pitching for Texas A&M Aggies : RHP Ernesto González
Pitching: RHP Corey Miller
Batting: LHB Albert Cardona 0-0: Ball
1-0: Foul Ball, location: 2F
1-1: Ball
2-1: Called Strike
2-2: Fly out, F6 (Popup, 5)
Batting: RHB Doug Williams 0-0: Called Strike
0-1: Foul Ball, location: 2F
0-2: Ball
1-2: Strikes out looking
Batting: RHB Oliver Todd 0-0: Foul Ball, location: 2F
0-1: Ball
1-1: Ball
2-1: Swinging Strike
2-2: Foul Ball, location: 2F
2-2: SOLO HOME RUN (Flyball, 78XD), Distance : 364 ft
Batting: LHB Micheal Morgan 0-0: Ball
1-0: Ball
2-0: Ball
3-0: Called Strike
3-1: Base on Balls
Batting: RHB Bruce Jones 0-0: Ball
1-0: Ball
2-0: Called Strike
2-1: Ball
3-1: Base on Balls
Micheal Morgan to second
Batting: LHB Cristóbal Gómez 0-0: Called Strike
0-1: Foul Ball, location: 2F
0-2: Strikes out swinging
Bottom of the 7th over - 1 run(s), 1 hit(s), 0 error(s), 2 left on base; Texas A&M 4 - Texas Tech 2
TOP OF THE 8TH
Texas A&M Aggies batting - Pitching for Texas Tech Red Raiders : RHP Alan Bailey
Batting: SHB Clint Woods 0-0: Called Strike
0-1: Ball
1-1: Swinging Strike
1-2: Ball
2-2: Ball
3-2: SINGLE (Groundball, 5D)
Pitching: RHP Jorge Ramírez
Batting: SHB Bill Butler 0-0: Foul Ball, location: 2F
0-1: Ball
1-1: Ball
2-1: Bunted foul
2-2: Ball
3-2: Base on Balls
Clint Woods to second
Pinch Hitting: LHB Vicente Rangel 0-0: Called Strike
0-1: Sac Bunt - play at third, runner OUT! 5-6
Bill Butler to second
Batting: LHB Dave Bryant 0-0: Fielders Choice at 2nd, 4-6 (Groundball, 4)
Bill Butler to third
Batting: RHB Chris Burrell 0-0: Foul Ball, location: 2F
0-1: Ball
1-1: SINGLE (Groundball, 56D)
Bill Butler scores
Dave Bryant to second
Batting: LHB Jeff Douglas 0-0: DOUBLE (Groundball, 3L)
Dave Bryant scores
Chris Burrell to third
Batting: RHB Chance May 0-0: Called Strike
0-1: Ball
1-1: Called Strike
1-2: Foul Ball, location: 2F
1-2: Foul Ball, location: 2F
1-2: Foul Ball, location: 2F
1-2: Ball
2-2: Foul Ball, location: 2F
2-2: 3-RUN HOME RUN (Flyball, 78XD), Distance : 363 ft
Pitching: RHP Paul Fisher
Batting: RHB Ryan Hilton 0-0: Ball
1-0: Ball
2-0: Called Strike
2-1: Called Strike
2-2: Strikes out looking
Top of the 8th over - 5 run(s), 4 hit(s), 0 error(s), 0 left on base; Texas A&M 9 - Texas Tech 2
BOTTOM OF THE 8TH
Texas Tech Red Raiders batting - Pitching for Texas A&M Aggies : RHP Corey Miller
Now at SS: Jason Mason
Now in RF: Carl Burke
Batting: RHB Steven Hill 0-0: Ball
1-0: Fly out, F9 (Flyball, 9M)
Batting: RHB Luis Martínez 0-0: Swinging Strike
0-1: Fly out, F3 (Popup, 3SF)
Batting: RHB Walton Smith 0-0: SOLO HOME RUN (Flyball, 78XD), Distance : 386 ft
Batting: LHB Albert Cardona 0-0: Ball
1-0: Called Strike
1-1: Ground out 5-3 (Groundball, 56)
Bottom of the 8th over - 1 run(s), 1 hit(s), 0 error(s), 0 left on base; Texas A&M 9 - Texas Tech 3
TOP OF THE 9TH
Texas A&M Aggies batting - Pitching for Texas Tech Red Raiders : RHP Paul Fisher
Batting: RHB Julian Lee 0-0: Foul Ball, location: 2F
0-1: Swinging Strike
0-2: Strikes out looking
Batting: SHB Clint Woods 0-0: Ball
1-0: Called Strike
1-1: Foul Ball, location: 2F
1-2: Strikes out looking
Batting: SHB Bill Butler 0-0: Called Strike
0-1: Ball
1-1: Ball
2-1: Foul Ball, location: 2F
2-2: Foul Ball, location: 2F
2-2: Strikes out swinging
Top of the 9th over - 0 run(s), 0 hit(s), 0 error(s), 0 left on base; Texas A&M 9 - Texas Tech 3
BOTTOM OF THE 9TH
Texas Tech Red Raiders batting - Pitching for Texas A&M Aggies : RHP Corey Miller
Batting: RHB Doug Williams 0-0: Ball
1-0: Foul Ball, location: 2F
1-1: Foul Ball, location: 2F
1-2: Ball
2-2: Ball
3-2: Strikes out swinging
Batting: RHB Oliver Todd 0-0: Swinging Strike
0-1: Ball
1-1: Ball
2-1: Foul Ball, location: 2F
2-2: Strikes out swinging
Batting: LHB Micheal Morgan 0-0: Called Strike
0-1: Ball
1-1: Ball
2-1: Ground out 2-3 (Groundball, 2R)
Bottom of the 9th over - 0 run(s), 0 hit(s), 0 error(s), 0 left on base; Texas A&M 9 - Texas Tech 3
This league is powered by Out of the Park Baseball, the baseball management simulation game for PC, Mac and Linux
Wednesday, December 2nd, 2015 - OOTP Baseball 16.8 Build 38